 Dungeon Crawl Stone Soup version 0.20-a0-850-ge5a7832 (console) character file.

30 hittembot the Shield-Bearer (level 3, -1/29 HPs)
             Began as a Formicid Fighter on Mar 10, 2017.
             Slain by an adder (4 damage)
             ... on level 3 of the Dungeon.
             The game lasted 00:00:45 (242 turns).

hittembot the Shield-Bearer (Formicid Fighter)       Turns: 242, Time: 00:00:46

Health: -1/29      AC:  6    Str: 21    XL:     3   Next: 37%
Magic:  3/3        EV:  8    Int:  7    God:
Gold:   11         SH:  9    Dex: 10    Spells: 2/2 levels left

rFire    . . .     SeeInvis +   a - +0 quarterstaff
rCold    . . .     Gourm    .   b - +0 scale mail
rNeg     . . .     Faith    .   c - +0 shield
rPois    .         Spirit   .   (helmet unavailable)
rElec    .         Reflect  .   (no cloak)
rCorr    .         Harm     .   (no gloves)
MR       .....                  (no boots)
Stlth    ..........             (no amulet)
Regen    0.1/turn               (no ring)
MPRegen  0.1/turn               (no ring)

@: lethally poisoned (-1 -> -7)
A: permanent stasis, dig shafts and tunnels, four strong arms, antennae 3
a: Dig, Shaft Self


You were on level 3 of the Dungeon.
You were not hungry.

You visited 1 branch of the dungeon, and saw 3 of its levels.

You collected 11 gold pieces.

Inventory:

Hand Weapons
 a - a +0 quarterstaff (weapon)
Armour
 b - a +0 scale mail (worn)
 c - a +0 shield (worn)
Scrolls
 e - a scroll of remove curse {unknown}
 h - a scroll of fear {unknown}
Potions
 d - a potion of might
 g - a potion of curing {unknown}
Comestibles
 f - 2 bread rations


   Skills:
 + Level 3.5 Fighting
 + Level 2.2 Staves
 + Level 3.5 Armour
 + Level 0.1 Dodging
 + Level 4.3 Shields


You had 2 spell levels left.
You didn't know any spells.

Dungeon Overview and Level Annotations

Branches:
Dungeon (3/15)

Altars:
Dithmenos
Fedhas
Gozag
Makhleb


Innate Abilities, Weirdness & Mutations

You cannot be hasted, slowed, berserked, paralysed or teleported.
You can dig through walls and to a lower floor.
Your four strong arms can wield two-handed weapons with a shield.
You have a pair of large antennae on your head. (SInv)


Message History

You are too injured to fight recklessly!
You are too injured to fight recklessly!
You are too injured to fight recklessly!
There is a lethal amount of poison in your body!
You are too injured to fight recklessly!
You are too injured to fight recklessly!
You are too injured to fight recklessly!
You are too injured to fight recklessly!
You are too injured to fight recklessly!
You are too injured to fight recklessly!
You are too injured to fight recklessly!
You are too injured to fight recklessly!
There is a lethal amount of poison in your body!
There is a lethal amount of poison in your body!
Unknown command.
* * * LOW HITPOINT WARNING * * *
You feel sick. You block the adder's attack. x2
The hobgoblin hits you but does no damage.
The adder bites you.
You die...

#.#. #.#.#.
...... . ......
.. >.....######
...
...........#....
#...............
..>....<........
......S@........
......Sg(..$....
..._..._........
................
.....⌠.......###
$..............
..._..._.....###
.............#


You could see 2 adders and a hobgoblin.

Vanquished Creatures
  A gnoll (D:1)
  2 dart slugs (D:2)
  A leopard gecko (D:1)
  2 giant cockroaches
  A hobgoblin (D:1)
  3 jackals (D:1)
  2 bats (D:1)
  2 kobolds
  A rat (D:2)
15 creatures vanquished.

Notes
Turn   | Place    | Note
-------+----------+-------------------------------------------
     0 | D:1      | hittembot the Formicid Fighter began the quest for the Orb.
     0 | D:1      | Reached XP level 1. HP: 18/18 MP: 1/1
    91 | D:1      | Reached XP level 2. HP: 15/24 MP: 2/2
   120 | D:1      | Reached skill level 4 in Shields
   164 | D:1      | Reached XP level 3. HP: 21/29 MP: 3/3
   223 | D:3      | Found a shadowy altar of Dithmenos.
   223 | D:3      | Found a burning altar of Makhleb.
   223 | D:3      | Found an opulent altar of Gozag.
   223 | D:3      | Found a blossoming altar of Fedhas.
   242 | D:3      | Slain by an adder

Vault maps used:
D:1:      co_arrival_square_in_a_square_in_a_square
D:2:      wad_pebble_path, old_standard_altar, grunt_decor_one_mirror,
          minmay_surrounded
D:3:      old_standard_altar, grunt_temple_overflow_open, uniq_robin, uniq_iyjb

Skill      XL: |  1  2 |
---------------+-------+-----
Shields        | 4 |  4.3
Fighting       | |  3.5
Staves         | |  2.2
Armour         | |  3.5
Dodging        | |  0.1

Action                   || total
-------------------------++-------
Melee: Quarterstaff      ||    54
Armor: Scale mail        ||    46
Dodge: Dodged            ||    26
Block: Shield            ||    50
